 Dungeon Crawl Stone Soup version 0.28.0-53-g5a82cb258f (webtiles) character file.

Game seed: 17154390780792860056

11678 raph the Destroyer (level 11, -3/62 HPs)
             Began as a Deep Elf Conjurer on June 4, 2022.
             Was an Initiate of Gozag.
             Slain by Harold
             ... wielding a +2 battleaxe of electrocution
              (22 damage)
             ... on level 11 of the Dungeon.
             The game lasted 00:35:18 (16683 turns).

raph the Destroyer (Deep Elf Conjurer)             Turns: 16683, Time: 00:35:19

Health: -3/62      AC: 16    Str:  4    XL:     11   Next: 52%
Magic:  15/26      EV: 13    Int: 28    God:    Gozag
Gold:   1485       SH:  3    Dex: 13    Spells: 10/29 levels left

rFire   + + .      SeeInvis +   n - +4 scimitar (holy)
rCold   . . .      Faith    .   N - +0 buckler
rNeg    . . .      Spirit   .   B - +1 leather armour of Qimeischa {rF+}
rPois   .          Reflect  .   q - +2 helmet {SInv}
rElec   .          Harm     .   s - scarf {shadows}
rCorr   .          Rampage  .   g - +1 pair of gloves
Will    +....                   r - +2 pair of boots
Stlth   ++++......              A - amulet of regeneration
HPRegen 1.00/turn               D - +4 ring of protection
MPRegen 0.20/turn               x - ring of protection from fire

@: gold aura, slowed, very slow
A: no striking features
a: Renounce Religion, Potion Petition, Call Merchant, Bribe Branch


You were on level 11 of the Dungeon.
You worshipped Gozag.
Gozag was most pleased with you.
You visited 1 branch of the dungeon, and saw 11 of its levels.

You collected 1984 gold pieces.
You spent 484 gold pieces at shops.
You paid 15 gold pieces to Gozag.

Inventory:

Hand Weapons
 h - a +1 whip of electrocution
 n - a +4 scimitar of holy wrath (weapon)
 o - a +0 rapier
Missiles
 c - 20 poisoned darts
 k - 4 curare-tipped darts
 y - 2 throwing nets
Armour
 g - a +1 pair of gloves (worn)
 q - a +2 helmet of see invisible (worn)
 r - a +2 pair of boots (worn)
 s - a scarf of shadows (worn)
 B - the +1 leather armour of Qimeischa (worn) {rF+}
   (You found it on level 7 of the Dungeon)

   rF:        It protects you from fire.
 N - a +0 buckler (worn)
Jewellery
 a - a ring of magical power
 t - a ring of positive energy
 u - a ring of flight
 x - a ring of protection from fire (right hand)
 A - an amulet of regeneration (around neck)
 D - a +4 ring of protection (left hand)
 J - a ring of ice
Wands
 d - a wand of iceblast (11)
 C - a wand of mindburst (11)
 E - a wand of acid (12)
 G - a wand of digging (2)
 I - a wand of polymorph (4)
Scrolls
 f - 2 scrolls of identify
 i - a scroll of blinking
 l - 8 scrolls of teleportation
 m - 4 scrolls of fog
 v - 3 scrolls of amnesia
 F - a scroll of magic mapping
 L - a scroll of enchant weapon
Potions
 b - 2 potions of flight
 e - 2 potions of resistance
 p - a potion of might
 w - a potion of brilliance
 z - a potion of magic
 H - 5 potions of curing
 K - a potion of degeneration
 M - a potion of experience


   Skills:
 + Level 4.8 Fighting
 + Level 7.5 Dodging
 + Level 8.3 Stealth
 * Level 0.0 Shields
 + Level 9.5 Spellcasting
 * Level 11.7 Conjurations
 - Level 7.2 Hexes
 + Level 6.4 Translocations
 + Level 4.7 Ice Magic


You had 10 spell levels left.
You knew the following spells:

 Your Spells              Type           Power      Damage    Failure   Level
a - Magic Dart            Conj           100%       1d8       1%          1
b - Searing Ray           Conj           100%       2d8       1%          2
c - Dazzling Flash        Conj/Hex       100%       N/A       1%          3
d - Summon Small Mammal   Summ           52%        N/A       11%         1
e - Fulminant Prism       Conj/Hex       30%        3d16      1%          4
f - Iskenderun's Mystic   Conj/Tloc      59%        2d12      2%          4
g - Hailstorm             Conj/Ice       56%        3d12      3%          4

Your spell library contained the following spells:

 Spells                   Type           Power      Damage    Failure   Level
 Apportation              Tloc           98%        N/A       1%          1
 Animate Skeleton         Necr           26%        N/A       11%         1
 Beastly Appendage        Tmut           26%        N/A       11%         1
 Wereblood                Tmut           13%        N/A       16%         2
 Spider Form              Tmut/Pois      13%        N/A       30%         3
 Ice Form                 Ice/Tmut       26%        N/A       36%         4
 Simulacrum               Ice/Necr       13%        N/A       99%         6


Dungeon Overview and Level Annotations

Branches:
Dungeon (11/15)            Temple (0/1) D:5
   Lair: D:8-11         Orc: D:9-12

Altars:
Ashenzari
Cheibriados
Fedhas
Gozag
Makhleb
Nemelex Xobeh
Okawaru
Qazlal
Sif Muna
Trog
Uskayaw
Vehumet
Wu Jian
Xom
Yredelemnul
Zin
Beogh

Shops:
D:3 [   D:4 (

Annotations:
D:5 1 runed translucent door
D:11 Harold


Message History

Aiming: Searing Ray (safe; 1% risk of failure)
Press: ? - help, Shift-Dir - straight line, f - Harold
Aim: Harold, wielding a +2 battleaxe of electrocution and wearing a +0 scale mail (ally target, 90% to hit)
The searing ray hits Harold.
Harold is lightly wounded. (Press . to maintain the ray.)
You feel very sick.
The kobold brigand throws a curare-tipped dart.
The curare-tipped dart closely misses you.
Your fulminant prism crackles loudly.
The kobold brigand throws a curare-tipped dart.
The curare-tipped dart misses you.
A gnoll comes into view. It is wielding a +0 club.
The searing ray hits Harold.
Harold is lightly wounded.
You feel sick.
Your fulminant prism explodes!
The blast of energy engulfs Harold!!
Harold is moderately wounded.
The blast of energy engulfs the kobold brigand!!
You kill the kobold brigand!
The blast of energy engulfs the gnoll!!
You kill the gnoll!
You hear a shout! x4
The searing ray hits Harold!
Harold is heavily wounded.
You feel sick.
Harold hits you with a +2 battleaxe of electrocution!
You are electrocuted!
The searing ray hits Harold!
Harold is heavily wounded.
You finish channelling your searing ray.
You feel sick. Harold hits you but does no damage.
You are electrocuted!
Harold hits you with a +2 battleaxe of electrocution!!
* * * LOW HITPOINT WARNING * * *
You feel much better.
You feel sick.
You are no longer poisoned.
Harold hits you with a +2 battleaxe of electrocution!!
You die...
Your body crumbles into a pile of gold.

$ .'..# #.......# $ $
#'#..# #.......# $ $
##.##..###.......# $ $
$ ##.⌠.##...'.....).#
$ $ $
##.....##.##.......# $
$ $
#..$'$..##.##'######
#...#'#...#.##..# $
.'⌠.##@##.⌠'.###.##
.#.##.@.##K#.# #..#
###.....###.# ##T#
##.......##.####'####
#.........#.#.......#
.............#...<...#
..........####.......#
..........'.##.......#
..........#.##.......#
###########..).).....#


You could see Harold.

Vanquished Creatures
  Fannar (D:10)
  A death knight (D:7)
  4 two-headed ogres
  Pikel (D:8)
  An ugly thing (D:9)
  A gargoyle (D:7)
  A komodo dragon (D:10)
  2 trolls
  Grinder (D:4)
  A basilisk (D:11)
  3 steam dragons
  4 vampire mosquitoes (D:10)
  2 acid dragons
  3 black bears
  A sky beast (D:7)
  An ice beast (D:6)
  3 orc warriors
  2 centaurs
  A necrophage (D:6)
  2 ogres
  4 lemures (D:8)
  4 kobold brigands
  9 bullfrogs
  A gnoll sergeant (D:11)
  2 scorpions
  A wyvern zombie (D:9)
  8 killer bees (D:10)
  A howler monkey (D:11)
  2 bullfrog zombies
  A lava snake (D:8)
  7 centaur zombies
  4 jellies
  An orc priest (D:9)
  A bullfrog skeleton (D:5)
  A centaur skeleton (D:7)
  A hound (D:6)
  Jessica (D:3)
  10 orc wizards
  5 iguanas
  A killer bee zombie (D:7)
  2 hound skeletons (D:4)
  2 howler monkey zombies
  2 gnolls
  12 adders
  A white imp (D:5)
  2 ufetubi (D:5)
  4 worms
  7 dart slugs
  31 orcs
  5 bats
  16 endoplasms
  4 giant cockroaches
  10 goblins
  8 hobgoblins
  12 jackals
  18 kobolds
  10 quokkas
  6 ball pythons
  6 frilled lizards
  3 rats
262 creatures vanquished.

Vanquished Creatures (collateral kills)
  An iguana (D:5)
1 creature vanquished.

Vanquished Creatures (others)
  Ijyb (D:3)
  67 fulminant prisms
  9 fungi (D:4)
  3 plants
  7 toadstools (D:4)
87 creatures vanquished.

Grand Total: 350 creatures vanquished

Notes
Turn   | Place    | Note
-------+----------+-------------------------------------------
     0 | D:1      | raph the Deep Elf Conjurer began the quest for the Orb.
     0 | D:1      | Reached XP level 1. HP: 10/10 MP: 6/6
   141 | D:1      | Reached XP level 2. HP: 10/15 MP: 0/8
   730 | D:1      | Learned a level 2 spell: Searing Ray
   795 | D:1      | Reached XP level 3. HP: 20/20 MP: 7/9
   799 | D:1      | Learned a level 3 spell: Dazzling Flash
   969 | D:1      | Learned a level 1 spell: Summon Small Mammal
  1614 | D:2      | Reached skill level 5 in Conjurations
  1628 | D:2      | Reached skill level 1 in Fighting
  1749 | D:2      | Found an opulent altar of Gozag.
  1758 | D:2      | Became a worshipper of Gozag Ym Sagoz the Greedy
  1880 | D:2      | Reached XP level 4. HP: 25/25 MP: 7/11
  2076 | D:2      | Found a faded altar of an unknown god.
  3319 | D:3      | Noticed a black bear
  3418 | D:3      | Killed a black bear
  3419 | D:3      | Reached XP level 5. HP: 18/29 MP: 3/13
  3542 | D:3      | Found Janoitzoo's Armour Boutique.
  3565 | D:3      | Bought a +2 helmet of see invisible for 215 gold pieces
  3565 | D:3      | Bought a +0 pair of boots for 45 gold pieces
  3658 | D:3      | Learned a level 4 spell: Fulminant Prism
  3850 | D:3      | Noticed Ijyb
  3859 | D:3      | Killed Ijyb
  3860 | D:3      | Reached XP level 6. HP: 24/35 MP: 2/14
  3971 | D:3      | Noticed Jessica
  3977 | D:3      | Killed Jessica
  4049 | D:3      | Reached skill level 6 in Conjurations
  4084 | D:3      | You fall into a shaft and drop 1 floor!
  4098 | D:4      | Reached skill level 1 in Hexes
  4207 | D:3      | Found a shimmering altar of Xom.
  4424 | D:3      | Found a radiant altar of Vehumet.
  4847 | D:3      | Found a shimmering blue altar of Sif Muna.
  4954 | D:4      | Found a bloodstained altar of Trog.
  5143 | D:4      | Noticed a steam dragon
  5637 | D:4      | Killed a steam dragon
  5638 | D:4      | Reached XP level 7. HP: 22/40 MP: 7/16
  6003 | D:4      | Noticed Grinder
  6014 | D:4      | Killed Grinder
  6015 | D:4      | Reached skill level 5 in Spellcasting
  6068 | D:4      | Learned a level 4 spell: Iskenderun's Mystic Blast
  6510 | D:4      | Found a glowing silver altar of Zin.
  6549 | D:4      | Found Zurchauk's Antique Weapon Shop.
  6555 | D:4      | Bought a runed scimitar for 224 gold pieces
  6861 | D:5      | Entered Level 5 of the Dungeon
  7061 | D:5      | Reached skill level 7 in Conjurations
  7144 | D:5      | Reached skill level 1 in Translocations
  7365 | D:5      | Found a staircase to the Ecumenical Temple.
  7437 | D:5      | Reached XP level 8. HP: 45/45 MP: 13/18
  7449 | D:5      | Found a runed translucent door.
  7453 | D:5      | Found a basalt altar of Yredelemnul.
  8317 | D:6      | Reached skill level 5 in Hexes
  8878 | D:5      | Reached skill level 8 in Conjurations
  9405 | D:6      | Found an ornate altar of the Wu Jian Council.
  9514 | D:6      | Reached XP level 9. HP: 49/49 MP: 14/20
  9519 | D:6      | Learned a level 4 spell: Hailstorm
  9827 | D:6      | Found a sparkling altar of Nemelex Xobeh.
 10243 | D:7      | Noticed a gargoyle
 10256 | D:7      | Killed a gargoyle
 10257 | D:7      | Reached skill level 5 in Stealth
 10260 | D:7      | Noticed a death knight
 10314 | D:7      | Killed a death knight
 10315 | D:7      | Reached skill level 5 in Dodging
 10315 | D:7      | Reached skill level 9 in Conjurations
 10558 | D:7      | Identified the +1 leather armour of Qimeischa {rF+}
 10888 | D:7      | Reached skill level 1 in Ice Magic
 11086 | D:7      | Noticed a troll
 11846 | D:7      | Killed a troll
 11847 | D:7      | Reached XP level 10. HP: 56/56 MP: 8/23
 11940 | D:7      | Found a stormy altar of Qazlal.
 12151 | D:8      | Found an iron altar of Okawaru.
 12427 | D:8      | Reached skill level 10 in Conjurations
 12582 | D:8      | Found a hide-covered altar of Uskayaw.
 13026 | D:8      | Noticed Pikel
 13035 | D:8      | Killed Pikel
 13036 | D:8      | Reached skill level 5 in Translocations
 13177 | D:8      | Noticed a two-headed ogre
 13189 | D:8      | Killed a two-headed ogre
 13493 | D:9      | Noticed a cyan ugly thing
 13493 | D:9      | Found an opulent altar of Gozag.
 13692 | D:9      | Noticed a two-headed ogre
 13707 | D:9      | Killed a two-headed ogre
 13855 | D:9      | Killed a cyan ugly thing
 13874 | D:9      | Noticed a two-headed ogre
 14207 | D:9      | Killed a two-headed ogre
 14208 | D:9      | Reached skill level 11 in Conjurations
 14409 | D:9      | Found a burning altar of Makhleb.
 14439 | D:9      | Found a broken altar of Ashenzari.
 14443 | D:9      | Found a blossoming altar of Fedhas.
 14444 | D:9      | Found a snail-covered altar of Cheibriados.
 14863 | D:10     | Entered Level 10 of the Dungeon
 14874 | D:10     | Noticed a two-headed ogre
 14881 | D:10     | Killed a two-headed ogre
 14882 | D:10     | Reached XP level 11. HP: 62/62 MP: 14/26
 15360 | D:10     | Noticed Fannar
 15739 | D:10     | Killed Fannar
 16674 | D:11     | Noticed Harold
 16682 | D:11     | HP: 3/62 [Harold/+2 battleaxe of electrocution (18)]
 16683 | D:11     | Slain by Harold

Illustrated notes

Levels and vault maps discovered:
D:1:      dpeg_arrival_brainrot, layout_basic, serial_corexii_hall,
          corexii_hall_statues_x, corexii_hall_statues_x, serial_bayou_lake_a
D:2:      layout_loops_corners, hellmonk_ecumenical_altar_defaced_shrine,
          basic_altar, minmay_vboxes
D:3:      layout_basic, marbit_many_paths, led_sif_pool,
          nicolae_vehumet_altar_sigil, serial_shops, shop_statue, uniq_jessica,
          uniq_ijyb
D:4:      cheibrodos_fertilizer, layout_basic,
          mainiacjoe_overflow_surrounded_room, trog_butcher_becter,
          serial_shops, shop, grunt_decor_resistance, grunt_ministairs_6,
          uniq_grinder
D:5:      layout_cave_pools, dk_yredelemnul_ordeal,
          minmay_temple_entry_drinking_statues, minmay_fractal_squares_gapless_5
D:6:      layout_loops_ring, lemuel_tele_altar, nemelex_diamond_rough_becter
D:7:      layout_basic, kennysheep_mini, kb_rosetta
D:8:      layout_gridville, nicolae_uskayaw_suspiria,
          mainiacjoe_overflow_boulevard, uniq_pikel
D:9:      layout_basic, minitemple, mainiacjoe_overflow_24_doors,
          mainiacjoe_overflow_concentric_impassable, enter_bailey_3
D:10:     layout_rooms, uniq_fannar
D:11:     layout_roguey, erik_lair_dragon,
          kennysheep_orc_monster_closet_entryway, grunt_decor_arrowhead,
          minivault_12, uniq_harold

Skill      XL: |  1  2  3  4  5  6  7  8  9 10 11 |
---------------+----------------------------------+-----
Dodging        | 3 4 5 7 |  7.5
Stealth        | 3 4 6 7 8 |  8.3
Conjurations   | 5 6 7 8 9 11 | 11.7
Fighting       | 1 2 3 4 |  4.8
Spellcasting   | 4 5 6 7 9 |  9.5
Hexes          | 2 4 7 |  7.2
Translocations | 1 3 4 5 6 |  6.4
Ice Magic      | 1 3 4 |  4.7

Action                   |  1- 3 |  4- 6 |  7- 9 | 10-12 || total
-------------------------+-------+-------+-------+-------++-------
Melee: Unarmed           |     1 |       |       |       ||     1
       Whip              |     4 |     5 |    16 |       ||    25
       Scimitar          |       |       |    12 |    14 ||    26
Throw: Dart              |       |       |     3 |       ||     3
       Throwing net      |       |       |     1 |       ||     1
 Cast: Magic Dart        |    67 |    47 |    45 |    18 ||   177
       Searing Ray       |     7 |    43 |    57 |    32 ||   139
       Dazzling Flash    |       |     3 |     3 |       ||     6
       Fulminant Prism   |       |     3 |    24 |    40 ||    67
       Summon Small Mamm |       |     2 |     4 |       ||     6
       Iskenderun's Myst |       |       |    11 |    20 ||    31
       Hailstorm         |       |       |     1 |     2 ||     3
Evoke: Wand              |       |       |     4 |     1 ||     5
  Use: Scroll            |       |    11 |     6 |     8 ||    25
       Potion            |       |     1 |       |     1 ||     2
 Stab: Sleeping          |       |       |       |     1 ||     1
Armor: Robe              |     2 |     5 |    16 |       ||    23
       Leather armour    |       |       |     9 |    36 ||    45
Dodge: Dodged            |     7 |    18 |    50 |    71 ||   146
Block: Buckler           |       |       |       |     1 ||     1
